 Dungeon Crawl Stone Soup version 0.30-a0-54-g2e61a25929 (webtiles) character file.

Game seed: 10962681216060474259

93 Newt the Shooter (level 4, -4/26 HPs)
             Began as a Kobold Hunter on Sept 7, 2022.
             Slain by a gnoll
             ... wielding a +0 spear
              (7 damage)
             ... on level 3 of the Dungeon.
             The game lasted 00:01:40 (2284 turns).

Newt the Shooter (Kobold Hunter)                    Turns: 2284, Time: 00:01:40

Health: -4/26      AC:  4    Str:  8    XL:     4   Next: 91%
Magic:  4/4        EV: 14    Int: 10    God:
Gold:   101        SH:  0    Dex: 20    Spells: 3/3 levels left

rFire   . . .      SeeInvis .    a - +0 shortbow
rCold   . . .      Faith    .    (shield currently unavailable)
rNeg    . . .      Spirit   .    c - +0 leather armour
rPois   .          Reflect  .    (no helmet)
rElec   .          Harm     .    h - +0 cloak
rCorr   .          Rampage  .    (no gloves)
Will    .....                    (no boots)
Stlth   ++++......               (no amulet)
HPRegen 0.08/turn                (no ring)
MPRegen 0.09/turn                (no ring)

@: no status effects
A: small, no large weapons, nightstalker 3
a: no special abilities


You were on level 3 of the Dungeon.
You visited 1 branch of the dungeon, and saw 3 of its levels.

You collected 101 gold pieces.

Inventory:

Hand Weapons
 a - a +0 shortbow (weapon)
Missiles
 i - 5 poisoned darts
Armour
 c - a +0 leather armour (worn)
 h - a +0 cloak (worn)
Scrolls
 b - a scroll of immolation
 f - 3 scrolls of identify {unknown}
 g - a scroll of torment {unknown}
 j - a scroll of amnesia {unknown}
 l - a scroll of enchant armour {unknown}
 n - a scroll of silence {unknown}
 p - a scroll of fear {unknown}
 q - a scroll of teleportation {unknown}
 r - a scroll of vulnerability {unknown}
 s - a scroll of magic mapping {unknown}
Potions
 d - a potion of berserk rage {unknown}
 e - a potion of might {unknown}
 k - a potion of mutation {unknown}
 m - a potion of heal wounds {unknown}
 o - a potion of curing {unknown}


   Skills:
 - Level 2.1 Fighting
 + Level 6.9 Ranged Weapons
 - Level 2.4 Dodging
 - Level 4.0 Stealth


You had 3 spell levels left.
You didn't know any spells.
Your spell library contained the following spells:

 Spells                   Type           Power      Damage    Failure   Level
 Alistair's Intoxication  Tmut/Pois      0%         N/A       100%        5
 Borgnjor's Vile Clutch   Necr/Erth      0%         N/A       100%        5
 Eringya's Noxious Bog    Tmut/Pois      0%         N/A       100%        6


Dungeon Overview and Level Annotations

Branches:
Dungeon (3/15)

Altars:


Innate Abilities, Weirdness & Mutations

You are small and have problems with some larger weapons.
You are completely attuned to the shadows.


Message History

Found a stone staircase leading up.
There is a stone staircase leading up here.
You now have 86 gold pieces (gained 14).
You now have 101 gold pieces (gained 15).
s - a scroll labelled UWKACV XAFAPS Done exploring.
Done exploring.
No target in view!
No target in view!
Done exploring.
Done exploring.
Done exploring.
(D) Dungeon
Where to? (Enter - D:2, ? - help)
There is a stone staircase leading down here.
You climb downwards.
Found a cloak and a scroll labelled KILUKHULAWN.
There is a stone staircase leading up here.
There are monsters nearby!
You shoot an arrow. The arrow hits the gnoll.
The gnoll shouts!
The gnoll is heavily wounded.
A rat comes into view.
The gnoll hits you from afar with a +0 spear.
You shoot an arrow. The gnoll shouts! x2
The arrow hits the gnoll.
The gnoll is heavily wounded.
You hear an angry hiss.
The gnoll closely misses you.
The gnoll hits you from afar with a +0 spear.
You shoot an arrow. The arrow barely misses the gnoll.
The gnoll hits you from afar with a +0 spear. x3
The gnoll hits you from afar with a +0 halberd!
Unknown command.
The gnoll barely misses you. The gnoll closely misses you.
The gnoll hits you from afar with a +0 halberd.
* * * LOW HITPOINT WARNING * * *
The gnoll hits you from afar with a +0 spear!
You die...

##.......
.........
....gg..
#...g..
#.@....
##.rg##
##..[.
?... ####


You could see 4 gnolls and a rat.

Vanquished Creatures
  Terence (D:2)
  3 adders (D:2)
  2 dart slugs (D:1)
  An orc (D:2)
  5 bats
  An endoplasm (D:1)
  3 giant cockroaches (D:1)
  A hobgoblin (D:1)
  3 jackals (D:1)
  3 ball pythons
  A frilled lizard (D:1)
  2 goblins (D:1)
  4 kobolds (D:1)
  6 rats
36 creatures vanquished.

Notes
Turn   | Place    | Note
-------+----------+-------------------------------------------
     0 | D:1      | Newt the Kobold Hunter began the quest for the Orb.
     0 | D:1      | Reached XP level 1. HP: 12/12 MP: 1/1
   228 | D:1      | Reached XP level 2. HP: 17/17 MP: 2/2
   677 | D:1      | Reached XP level 3. HP: 21/21 MP: 3/3
  1219 | D:2      | Reached skill level 6 in Ranged Weapons
  1270 | D:2      | Noticed Terence
  1281 | D:2      | Killed Terence
  1282 | D:2      | Reached XP level 4. HP: 10/26 MP: 4/4
  2284 | D:3      | Slain by a gnoll

Illustrated notes

Levels and vault maps discovered:
D:1:      psy_arrival_whirlpool, layout_basic
D:2:      layout_loops_ring, corexii_shack, uniq_terence
D:3:      layout_rooms, nicolae_overflow_crystal_walls, basic_ecumenical_altar

Skill      XL: |  1  2  3 |
---------------+----------+-----
Stealth        | 2 4 |  4.0
Ranged Weapons | 6 |  6.9
Fighting       | |  2.1
Dodging        | |  2.4

Action                   |  1- 3 |  4- 6 || total
-------------------------+-------+-------++-------
 Fire: Shortbow          |    94 |    19 ||   113
Armor: Leather armour    |     8 |     1 ||     9
Dodge: Dodged            |    46 |     8 ||    54

Table legend: (Time is in decaauts)
 A = Elapsed time spent in this place.
 B = Non-inter-level travel time spent in this place.
 C = Inter-level travel time spent in this place.
 D = Time resting spent in this place.
 E = Time spent auto-exploring this place.
 F = Levels seen in this place.
 G = Mean time per level.
                   A        B        C        D        E       F      G
               +--------+--------+--------+--------+--------+-----+--------+
         Total |   2316 |   2273 |     43 |    390 |   1658 |   3 |  772.0 |
       Dungeon |   2316 |   2273 |     43 |    390 |   1658 |   3 |  772.0 |
               +--------+--------+--------+--------+--------+-----+--------+

Top non-repeatable levels by time:
     D:2: 1230 daAuts
     D:1: 1081 daAuts
     D:3: 4 daAuts
